 Dungeon Crawl Stone Soup version 0.29-a0-550-g81e455f4c2 (webtiles) character file.

Game seed: 6708521059164931984

104 Lekart the Skirmisher (level 4, -2/40 HPs)
             Began as a Draconian Abyssal Knight on June 5, 2022.
             Was a Believer of Lugonu.
             Killed by divine providence
             ... invoked by an orc priest
              (11 damage)
             ... on level 4 of the Dungeon.
             The game lasted 00:02:39 (2912 turns).

Lekart the Skirmisher (Draconian Abyssal Knight)    Turns: 2912, Time: 00:02:39

Health: -2/40      AC:  5    Str: 16    XL:     4   Next: 52%
Magic:  6/6        EV: 12    Int: 10    God:    Lugonu [**....]
Gold:   172        SH:  3    Dex: 13    Spells: 3/3 levels left

rFire   . . .      SeeInvis .   e - +2 hand axe (vorpal)
rCold   . . .      Faith    .   f - +0 buckler
rNeg    . . .      Spirit   .   (body armour unavailable)
rPois   .          Reflect  .   (helmet restricted)
rElec   .          Harm     .   (no cloak)
rCorr   .          Rampage  .   (no gloves)
Will    .....                   (no boots)
Stlth   +.........              (no amulet)
HPRegen 0.13/turn               (no ring)
MPRegen 0.10/turn               (no ring)

@: no status effects
A: AC +5, unfitting armour, cold-blooded
a: Renounce Religion, Depart the Abyss, Bend Space


You were on level 4 of the Dungeon.
You worshipped Lugonu.
Lugonu was pleased with you.
You visited 1 branch of the dungeon, and saw 4 of its levels.
You visited the Abyss 1 time.

You collected 211 gold pieces.
You spent 39 gold pieces at shops.

Inventory:

Hand Weapons
 e - a +2 vorpal hand axe (weapon)
Missiles
 c - a throwing net
Armour
 f - a +0 buckler (worn)
Jewellery
 d - a ring of poison resistance
 h - a ring of magical power
Wands
 o - a wand of iceblast (10)
Scrolls
 l - a scroll of teleportation {unknown}
 n - a scroll of enchant armour {unknown}
Potions
 a - a potion of magic {unknown}
 b - 5 potions of attraction
 g - 2 potions of flight
 i - 2 potions of heal wounds {unknown}
 j - a potion of haste {unknown}
 k - 3 potions of curing
 m - a potion of lignification {unknown}
 p - a potion of cancellation {unknown}


   Skills:
 + Level 4.2 Fighting
 + Level 3.0 Axes
 + Level 2.7 Dodging
 * Level 2.8 Invocations


You had 3 spell levels left.
You didn't know any spells.
Your spell library contained the following spells:

 Spells                   Type           Power      Damage    Failure   Level
 Foxfire                  Conj/Fire      0%         2x1d4     45%         1
 Ensorcelled Hibernation  Hex/Ice        0%         N/A       61%         2
 Passwall                 Tmut/Erth      0%         N/A       61%         2
 Conjure Flame            Conj/Fire      0%         6-21      83%         3
 Inner Flame              Hex/Fire       0%         N/A       83%         3
 Swiftness                Air            0%         N/A       83%         3
 Flame Wave               Conj/Fire      0%         2d4       99%         4


Dungeon Overview and Level Annotations

Branches:
Dungeon (4/15)
 Temple: D:4-7

Altars:

Shops:
D:2 !


Innate Abilities, Weirdness & Mutations

Your plain brown scales are hard. (AC +5)
You cannot fit into any form of body armour.
You are cold-blooded and may be slowed by cold attacks.


Message History

The orc wizard flickers and vanishes!
Deactivating autopickup; reactivate with Ctrl-A.
An orc comes into view. It is wielding a +0 dagger.
The orc moves out of view.
There are monsters nearby!
The orc shouts! x2
The orc priest looks braver for a moment.
You hit the orc but do no damage. The orc hits you with a +0 short sword.
You hit the orc but do no damage. The orc closely misses you.
You block the orc priest's attack.
The orc priest mumbles some strange prayers to Beogh against you.
Beogh smites you!
A goblin comes into view. It is wielding a +0 dagger.
The orc attacks as you move away! The orc hits you but does no damage.
The goblin shouts!
The goblin throws a stone.
You block the stone. The orc attacks as you move away!
The orc hits you with a +0 short sword. The orc attacks as you move away!
The orc hits you with a +0 short sword.
The goblin throws a stone.
The stone hits you but does no damage.
The orc priest looks braver for a moment.
The orc priest miscasts a cantrip.
The goblin attacks as you move away! The goblin hits you but does no damage.
The orc attacks as you move away! The orc closely misses you.
The orc attacks as you move away! The orc hits you with a +0 short sword.
The orc attacks as you move away! The orc closely misses you.
The orc attacks as you move away! The orc hits you with a +0 short sword.
* * * LOW HITPOINT WARNING * * *
The orc attacks as you move away! The orc hits you but does no damage.
The orc attacks as you move away! The orc misses you.
The orc attacks as you move away! The orc hits you but does no damage.
There is an open door here.
The orc attacks as you move away! The orc hits you with a +0 short sword.
* * * LOW HITPOINT WARNING * * *
The orc attacks as you move away! The orc hits you but does no damage.
The orc attacks as you move away! The orc hits you but does no damage.
There is an open door here.
The orc attacks as you move away! You block the orc's attack.
The orc priest invokes the aid of Beogh against you.
Beogh smites you!
You die...

######### #.......# #.......#
#########
########.......####.......#
.......'......go@.'......>#
########.......####.......######
###### #...o...# #............#
.....# ##o###### ############.#
.....# #.# #.# .....# #.# #.#
.....####o#### #.#
.....#.......# #.#
##'###.##'##.# #.##


You could see an orc priest, 2 orcs and a goblin.

Vanquished Creatures
  An orc priest (D:4)
  2 adders
  2 worms
  A dart slug (D:2)
  3 orcs (D:4)
  2 ball pythons (D:1)
  4 endoplasms
  2 giant cockroaches (D:1)
  5 goblins
  4 hobgoblins
  2 jackals (D:1)
  4 kobolds
  3 quokkas
  A frilled lizard (D:2)
  5 rats
41 creatures vanquished.

Vanquished Creatures (others)
  4 plants (D:3)
4 creatures vanquished.

Grand Total: 45 creatures vanquished

Notes
Turn   | Place    | Note
-------+----------+-------------------------------------------
     0 | Abyss:1  | Lekart the Draconian Abyssal Knight began the quest for the
                  | Orb.
     0 | Abyss:1  | Reached XP level 1. HP: 19/19 MP: 2/2
    60 | Abyss:1  | Noticed a smoke demon
    63 | D:1      | Escaped the Abyss
   491 | D:1      | Reached ** piety under Lugonu
   682 | D:1      | Reached XP level 2. HP: 26/26 MP: 3/3
  1024 | D:1      | Found a faded altar of an unknown god.
  1241 | D:2      | Found Kumurhu's Distillery.
  1298 | D:2      | Bought a potion of curing for 39 gold pieces
  1325 | D:2      | Reached XP level 3. HP: 22/33 MP: 4/4
  1495 | D:2      | Reached skill level 4 in Fighting
  2480 | D:3      | You fall into a shaft and drop 1 floor!
  2514 | D:4      | Reached XP level 4. HP: 15/40 MP: 4/6
  2912 | D:4      | Killed from afar by an orc priest

Illustrated notes

Levels and vault maps discovered:
D:1:      noname_arrival_rooms_in_the_neighbourhood, layout_basic,
          basic_ecumenical_altar
D:2:      layout_loops_ring, serial_shops, nicolae_shop_advertising_works
          [nicolae_subvault_shop_adworks]
D:3:      cheibrodos_old_hovel, layout_basic, palyth_stone_intersect
D:4:      layout_basic, minmay_misc_feat_secret_circle, minmay_misc_feat_room

Skill      XL: |  1  2  3 |
---------------+----------+-----
Fighting       | 4 |  4.2
Axes           | 3 |  3.0
Dodging        | |  2.7
Invocations    | |  2.8

Action                   |  1- 3 |  4- 6 || total
-------------------------+-------+-------++-------
Melee: Hand axe          |   104 |     7 ||   111
       Tailslap          |     8 |       ||     8
       Punch             |     3 |       ||     3
Invok: Depart the Abyss  |     1 |       ||     1
  Use: Scroll            |     7 |       ||     7
 Stab: Sleeping          |     2 |       ||     2
Armor: Skin              |    29 |     7 ||    36
Dodge: Dodged            |    55 |     6 ||    61
Block: Buckler           |     3 |     3 ||     6

Table legend: (Time is in decaauts)
 A = Elapsed time spent in this place.
 B = Non-inter-level travel time spent in this place.
 C = Inter-level travel time spent in this place.
 D = Time resting spent in this place.
 E = Time spent auto-exploring this place.
 F = Levels seen in this place.
 G = Mean time per level.
                   A        B        C        D        E       F      G
               +--------+--------+--------+--------+--------+-----+--------+
         Total |   2933 |   2870 |     63 |    269 |   2210 |   5 |  586.6 |
       Dungeon |   2869 |   2806 |     63 |    269 |   2150 |   4 |  717.2 |
         Abyss |     63 |     63 |      0 |      0 |     60 |   1 |   63.0 |
               +--------+--------+--------+--------+--------+-----+--------+

Top non-repeatable levels by time:
     D:1: 1163 daAuts
     D:2: 876 daAuts
     D:4: 435 daAuts
     D:3: 394 daAuts
 Abyss:1: 63 daAuts
